Map: Eternal Empire LE

Players

Has

  • Race: Protoss Protoss
  • Spawn Location: 7:00

GogojOey - Winner!

  • Race: Zerg Zerg
  • Spawn Location: 1:00

Event: DreamHack SC2 Masters 2020 Fall

VOD

Have the link to the VOD?

Description

Time

  • Played on: Aug. 26, 2020, 7:50 a.m.
  • Length: 11:26

All games in this series

Show
View Real Time Build Order
Export as new Build Order

Has Protoss 

Build Orders: 1 Gate Expand 

Get SALT Encoding   

  12  0:00  Probe  
  13  0:12  Probe  
  14  0:19  Pylon  
  14  0:24  Probe  
  14  0:27  Assimilator  
  15  0:37  Probe (Chrono Boost)  
  16  0:43  Gateway  
  16  0:47  Probe (Chrono Boost)  
  17  0:52  Probe  
  18  1:05  Probe  
  20  1:22  Nexus  
  19  1:32  Cybernetics Core  
  19  1:35  Probe  
  20  1:45  Pylon  
  20  1:47  Probe  
  21  1:59  Probe  
  22  2:06  Adept (Chrono Boost)  
  22  2:09  Warp Gate  
  22  2:11  Probe  
  22  2:12  Robotics Facility  
  25  2:23  Probe  
  25  2:29  Stalker (Chrono Boost)  
  26  2:35  Probe x2  
  29  2:47  Probe x2  
  31  2:56  Warp Prism (Chrono Boost)  
  31  2:59  Probe x2  
  35  3:11  Probe  
  36  3:16  Gateway  
  36  3:22  Immortal (Chrono Boost)  
  36  3:25  Gateway  
  40  3:29  Gateway  
  40  3:36  Gateway  
  40  3:39  Gateway  
  40  3:45  Gateway  
  40  3:51  Pylon  
  40  3:58  Zealot  
  40  4:01  Pylon  
  42  4:10  Pylon  
  42  4:13  Zealot x2  
  46  4:19  Zealot  
  46  4:23  Zealot  
  50  4:32  Pylon  
  50  4:35  Zealot x3  
  50  4:36  Zealot  
  50  4:38  Zealot  
  60  4:41  Zealot  
  62  4:58  Warp Prism (Chrono Boost)  
  62  4:59  Probe  
  56  5:00  Probe  
  56  5:01  Zealot x3  
  50  5:11  Zealot x2  
  50  5:12  Zealot  
  52  5:16  Zealot  
  54  5:22  Zealot  
  54  5:25  Zealot  
  58  5:29  Zealot  
  58  5:34  Zealot x2  
  64  5:52  Zealot x5  
  64  5:54  Zealot  
  76  5:57  Zealot  
  78  6:18  Zealot x6  
  66  6:20  Zealot  
  62  6:26  Zealot  
  52  6:38  Zealot x5  
  54  6:43  Warp Prism (Chrono Boost)  
  46  6:53  Zealot x2  
  42  6:57  Probe (Chrono Boost)  
  42  7:01  Probe (Chrono Boost)  
  40  7:03  Assimilator  
  40  7:06  Assimilator  
  41  7:09  Probe (Chrono Boost)  
  41  7:12  Assimilator  
  41  7:13  Probe (Chrono Boost)  
  41  7:14  Probe (Chrono Boost)  
  45  7:31  Zealot x4  
  45  7:32  Zealot  
  51  7:37  Zealot x2  
  45  7:51  Zealot x3  
  45  7:52  Zealot  
  45  7:53  Stalker  
  49  7:59  Sentry  
  49  8:03  Immortal (Chrono Boost)  
  55  8:10  Probe  
  56  8:20  Adept x2  
  56  8:26  Pylon  
  60  8:30  Robotics Bay  
  60  8:39  Immortal (Chrono Boost)  
  62  8:46  Pylon  
  64  8:56  Probe x2  
  66  9:08  Probe  
  66  9:09  Sentry x2  
  69  9:10  Sentry  
  69  9:16  Disruptor (Chrono Boost)  
  72  9:17  Probe  
  72  9:24  Nexus  
  75  9:26  Pylon  
  75  9:27  Adept  
  77  9:36  Probe  
  78  9:41  Disruptor (Chrono Boost)  
  81  9:48  Shield Battery  
  82  9:53  Stargate  
  82  9:54  Pylon  
  82  9:58  Probe  
  82  10:01  Pylon  
  82  10:10  Disruptor  
  85  10:15  Zealot x3  
  88  10:34  Zealot x4  
  81  10:49  Zealot x2  
  83  10:50  Zealot  
  80  11:03  Zealot x2  
Show
View Real Time Build Order
Export as new Build Order

GogojOey Zerg - Winner!

Build Orders: Pool First 

Get SALT Encoding   

  12  0:00  Drone  
  13  0:12  Overlord  
  13  0:16  Drone  
  14  0:31  Drone x2  
  14  0:34  Drone  
  17  0:45  Drone, Extractor  
  17  0:50  Spawning Pool  
  17  0:56  Drone  
  17  1:07  Drone  
  18  1:17  Hatchery  
  17  1:22  Drone  
  18  1:37  Queen, Zergling x2  
  18  1:39  Zergling x2  
  22  1:49  Overlord  
  22  1:54  Metabolic Boost  
  22  2:08  Drone  
  23  2:11  Drone  
  23  2:12  Queen  
  26  2:24  Drone  
  27  2:30  Drone  
  27  2:34  Hatchery  
  27  2:40  Drone  
  27  2:43  Drone x2  
  30  2:47  Drone  
  31  2:54  Overlord  
  31  2:55  Drone  
  32  2:59  Drone x2  
  32  3:01  Drone  
  34  3:08  Drone  
  35  3:13  Zergling x2  
  35  3:17  Queen  
  39  3:20  Drone  
  39  3:23  Roach Warren  
  38  3:29  Drone x4  
  42  3:34  Overlord  
  42  3:39  Overlord  
  42  3:47  Overlord  
  42  3:54  Queen  
  44  3:57  Extractor  
  44  3:58  Spine Crawler, Zergling x6  
  44  4:00  Queen  
  47  4:03  Roach  
  47  4:04  Zergling x2  
  47  4:07  Roach  
  53  4:12  Roach, Zergling x4  
  53  4:16  Roach  
  59  4:18  Roach  
  59  4:20  Roach  
  59  4:23  Roach  
  65  4:24  Zergling x2  
  65  4:28  Overlord  
  66  4:34  Spine Crawler  
  66  4:36  Overlord  
  65  4:41  Overlord x2  
  65  4:48  Roach, Zergling x2  
  65  4:49  Zergling x4  
  62  5:02  Zergling x16  
  62  5:07  Zergling x4  
  62  5:13  Drone x4  
  66  5:15  Drone  
  67  5:23  Drone  
  67  5:24  Drone x2  
  70  5:29  Extractor  
  70  5:30  Zergling x2  
  70  5:33  Roach  
  72  5:36  Queen x2  
  72  5:42  Roach x2, Zergling x4  
  82  5:46  Roach  
  85  5:50  Zergling x4  
  85  5:55  Overlord  
  85  5:56  Roach  
  88  5:57  Spine Crawler  
  88  6:00  Roach  
  89  6:06  Roach, Zergling x6  
  88  6:13  Roach, Zergling x6  
  78  6:21  Roach x2, Zergling x2  
  73  6:27  Roach  
  73  6:31  Roach, Zergling x4  
  75  6:35  Roach, Zergling x4  
  71  6:44  Roach, Zergling x2  
  71  6:45  Zergling x2  
  73  6:49  Roach, Zergling x4  
  73  6:53  Queen  
  73  6:54  Zergling x2  
  73  7:00  Zergling x10  
  78  7:05  Lair  
  78  7:06  Roach  
  80  7:09  Zergling x2  
  81  7:16  Zergling x2  
  81  7:17  Roach  
  84  7:25  Roach, Spine Crawler, Zergling x2  
  84  7:26  Roach  
  88  7:31  Spine Crawler  
  88  7:36  Roach, Zergling x8  
  89  7:41  Roach  
  86  7:50  Roach, Zergling x8  
  88  8:00  Roach, Zergling x8  
  88  8:02  Glial Reconstitution  
  94  8:13  Drone x3  
  94  8:17  Roach  
  101  8:20  Roach  
  101  8:26  Drone x3  
  103  8:27  Drone  
  103  8:28  Drone  
  105  8:35  Overlord x3  
  105  8:37  Drone  
  105  8:39  Overlord  
  105  8:40  Overlord  
  106  8:44  Extractor  
  106  8:45  Evolution Chamber  
  106  8:47  Overlord  
  104  8:52  Overlord  
  104  8:54  Overseer  
  104  9:00  Drone x3  
  106  9:04  Drone  
  106  9:07  Roach x2  
  111  9:11  Drone  
  111  9:12  Zerg Missile Weapons Level 1  
  111  9:14  Drone  
  113  9:20  Overseer  
  113  9:26  Drone x3  
  113  9:27  Overlord  
  113  9:28  Drone  
  113  9:29  Drone  
  117  9:33  Roach x3  
  117  9:36  Drone  
  124  9:41  Roach x3  
  130  9:47  Drone x2, Ravager  
  130  9:48  Extractor, Ravager  
  130  9:49  Ravager  
  130  9:50  Drone  
  130  9:51  Drone  
  138  9:52  Roach, Extractor  
  138  9:55  Roach x2  
  138  9:59  Roach  
  143  10:03  Roach x2  
  147  10:11  Roach x2  
  151  10:19  Overlord  
  151  10:20  Drone  
  152  10:27  Zergling x26  
  148  10:40  Roach, Zergling x4  
  141  10:44  Roach, Zergling x4  
  135  10:51  Roach, Zergling x12  
  135  10:58  Roach  
  138  11:04  Roach, Zergling x4  

Tags
 
Add a new tag
Caveats
  • Supply blocks, unpowered buildings, or Contaminate may cause inaccurate times.
  • Supply counts are checked every 10 seconds.